 Dungeon Crawl Stone Soup version 0.17-a0-1678-g710b578 (webtiles) character file.

702 EuServersOMG the Carver (level 7, -8/52 HPs)
             Began as a Formicid Fighter on Aug 19, 2015.
             Mangled by an orc warrior
             ... wielding a +0 halberd
              (16 damage)
             ... on level 9 of the Dungeon.
             The game lasted 00:10:37 (3878 turns).

EuServersOMG the Carver (Formicid Fighter)          Turns: 3878, Time: 00:10:39

Health: -8/52      AC: 11    Str: 28    XL:     7   Next: 98%
Magic:  7/7        EV:  8    Int:  7    God:
Gold:   221        SH: 10    Dex: 10    Spells: 0 memorised, 6 levels left

rFire  . . .     SeeInvis +     a - +0 long sword
rCold  . . .     Clarity  +     G - +0 scale mail
rNeg   . . .     SustAt   .     c - +0 shield
rPois  .         Gourm    .     (helmet unavailable)
rElec  .         Spirit   .     F - +1 cloak
rCorr  .         Warding  .     D - +0 pair of gloves
rMut   .         Stasis   +     x - +0 pair of boots
MR     .....                    t - amulet of clarity
Stlth  ..........               (no ring)
                                u - ring of invisibility

@: mighty, not resistant to hostile enchantments, extremely unstealthy
A: permanent stasis, dig shafts and tunnels, four strong arms, antennae 3
a: Dig, Shaft Self, Evoke Invisibility


You were on level 9 of the Dungeon.
You were not hungry.

You visited 1 branch of the dungeon, and saw 7 of its levels.

You collected 221 gold pieces.

Inventory:

Hand weapons
 a - a +0 long sword (weapon)
Missiles
 k - 3 javelins (quivered)
 C - 5 tomahawks
Armour
 b - a +0 scale mail
 c - a +0 shield (worn)
 x - a +0 pair of boots (worn)
 D - a +0 pair of gloves (worn)
 F - a +1 cloak (worn)
 G - a +0 scale mail (worn)
Jewellery
 t - an amulet of clarity (around neck)
 u - a ring of invisibility (left hand)
Scrolls
 h - a scroll of fog {unknown}
 m - 2 scrolls of magic mapping
 n - a scroll of recharging {unknown}
 o - a scroll of remove curse
 p - 3 scrolls of identify
 v - a scroll of fear {unknown}
 w - a scroll of enchant weapon {unknown}
 y - a scroll of noise {unknown}
 E - a scroll of teleportation {unknown}
Potions
 d - 3 potions of might
 f - a potion of curing
 i - 2 potions of cancellation {unknown}
 q - 2 potions of agility {unknown}
 z - a potion of flight
 A - a potion of brilliance {unknown}
Books
 r - a book of Ice

   Spells                             Type                      Level
   a - Ice Form                       Ice/Transmutation            4
   b - Metabolic Englaciation         Hexes/Ice                    5
   c - Ozocubu's Refrigeration        Ice                          6
   d - Bolt of Cold                   Conjuration/Ice              6
   e - Freezing Cloud                 Conjuration/Ice/Air          6
   f - Simulacrum                     Ice/Necromancy               6
 s - a Young Poisoner's Handbook

   Spells                             Type                      Level
   a - Sting                          Conjuration/Poison           1
   b - Cure Poison                    Poison                       2
   c - Mephitic Cloud                 Conjuration/Poison/Air       3
   d - Olgreb's Toxic Radiance        Poison                       4
   e - Venom Bolt                     Conjuration/Poison           5
Comestibles
 e - 5 bread rations
 g - a meat ration
 j - 3 beef jerkies
 B - 3 chunks of flesh


   Skills:
 - Level 3.2 Fighting
 + Level 8.4 Long Blades
 - Level 3.2 Armour
 - Level 3.6 Shields


You had 6 spell levels left.
You didn't know any spells.

Dungeon Overview and Level Annotations

Branches:
Dungeon (10/15)
 Temple: D:4-7         Lair: D:8-11         Orc: D:9-12

Altars:
Ashenzari
Gozag

Annotations:
D:9 Erica


Innate Abilities, Weirdness & Mutations

You are under a permanent stasis effect.
You can dig through walls and to a lower floor.
Your four strong arms can wield two-handed weapons with a shield.
You have a pair of large antennae on your head (SInv).


Message History

The orc wizard hits you but does no damage.
Erica casts a spell.
Erica flickers and vanishes for a moment.
You block the crimson imp's attack.
The scorpion stings you but does no damage.
Your shield and scale mail prevent you from hitting the orc wizard.
The orc wizard hits you with a dagger.
* * * LOW HITPOINT WARNING * * *
You block the orc warrior's attack. Erica casts a spell at you.
You resist with significant effort. You block the crimson imp's attack.
The scorpion stings you but does no damage.
You miss the orc wizard.
The orc wizard gestures at you while chanting.
The puff of flame hits you!
* * * LOW HITPOINT WARNING * * *
Erica screams, "Die!"
The crimson imp closely misses you. You block the scorpion's attack.
The orc warrior hits you from afar with a halberd!
You die...

#..
###..### #
...%.).
#.#.....##
#......<.##
#......o..#
#....o5..#
#..s@.#
#....)..#
####..#@..
#.# .### #.
S# #. .# #
.. ..


You could see Erica (invisible), an orc warrior, a scorpion, an orc wizard, a
crimson imp and an adder.

Vanquished Creatures
  Sigmund (D:2)
  The ghost of kinazarov the Stinger, an average DEVM (D:3)
  A giant frog (D:10)
  A scorpion (D:3)
  Crazy Yiuf (D:2)
  An orc priest (D:4)
  4 orc wizards
  A hound skeleton (D:4)
  Robin (D:3)
  4 adders
  6 worms
  4 giant geckos
  8 orcs
  4 ball pythons
  15 goblins
  6 hobgoblins
  7 kobolds
  6 quokkas
  5 bats
  2 giant cockroaches
  6 giant newts
  12 rats
97 creatures vanquished.

Notes
Turn   | Place    | Note
--------------------------------------------------------------
     0 | D:1      | EuServersOMG the Formicid Fighter began the quest for the Orb.
     0 | D:1      | Reached XP level 1. HP: 18/18 MP: 1/1
   179 | D:1      | Reached XP level 2. HP: 24/24 MP: 2/2
   378 | D:1      | Reached XP level 3. HP: 29/29 MP: 3/3
  1026 | D:2      | Found an opulent altar of Gozag.
  1141 | D:2      | Reached XP level 4. HP: 35/35 MP: 4/4
  1145 | D:2      | Reached skill level 4 in Long Blades
  1170 | D:2      | Noticed Sigmund
  1179 | D:2      | Killed Sigmund
  1179 | D:2      | Reached skill level 5 in Long Blades
  1179 | D:2      | Reached XP level 5. HP: 32/41 MP: 5/5
  1179 | D:2      | Reached XP level 6. HP: 36/47 MP: 6/6
  1223 | D:2      | Noticed Crazy Yiuf
  1235 | D:2      | Killed Crazy Yiuf
  1235 | D:2      | Reached skill level 6 in Long Blades
  2029 | D:3      | Noticed kinazarov's ghost (average DEVM)
  2056 | D:3      | Killed kinazarov's ghost
  2458 | D:3      | Reached XP level 7. HP: 49/52 MP: 7/7
  2500 | D:3      | Noticed Robin
  2524 | D:3      | Killed Robin
  2524 | D:3      | Reached skill level 7 in Long Blades
  2688 | D:3      | Found a shattered altar of Ashenzari.
  3466 | D:4      | You fall through a shaft for 3 floors!
  3469 | D:7      | You fall through a shaft for 3 floors!
  3469 | D:10     | Entered Level 10 of the Dungeon
  3480 | D:10     | HP: 2/52 [poisoned by an adder]
  3482 | D:10     | Reached skill level 8 in Long Blades
  3488 | D:10     | HP: 2/52 [poisoned by an adder]
  3853 | D:10     | Noticed a wraith
  3873 | D:9      | Noticed Erica
  3878 | D:9      | Mangled by an orc warrior

Vault maps used:
D:1:      arrival_zaba_pyramid, st_stairs_8
D:2:      lemuel_round_altar, uniq_crazy_yiuf_cottage, uniq_sigmund
D:3:      lemuel_doored_altar, uniq_robin
D:4:      first_bread, minmay_quantized
D:7:      gammafunk_temple_overflow_pools, basic_altar, uniq_duvessa,
          uniq_joseph
D:9:      lightli_temple_of_fire, lemuel_round_altar, blue_anna_alchemist,
          uniq_pikel, uniq_erica
D:10:     serial_shops, shop

Action                   |  1- 3 |  4- 6 |  7- 9 || total
-------------------------+-------+-------+-------++-------
Melee: Long sword        |   105 |   106 |   166 ||   377
 Abil: Shaft Self        |       |       |     2 ||     2
  Use: Potion            |       |     2 |     1 ||     3
       Scroll            |       |       |     4 ||     4
  Eat: Chunk             |     1 |     4 |     6 ||    11
